 Dungeon Crawl Stone Soup version 0.29-a0-857-g9b1aa3ac5b (webtiles) character file.

Game seed: 5735682924772887656

38 Sabo the Digger (level 3, -7/21 HPs)
             Began as an Octopode Earth Elementalist on July 16, 2022.
             Was a Follower of Fedhas.
             Mangled by Sigmund
             ... wielding a +0 scythe of holy wrath
              (11 damage)
             ... on level 2 of the Dungeon.
             The game lasted 00:07:14 (1050 turns).

Sabo the Digger (Octopode Earth Elementalist)       Turns: 1050, Time: 00:07:15

Health: -7/21      AC:  1    Str:  7    XL:     3   Next: 43%
Magic:  3/7        EV: 13    Int: 19    God:    Fedhas [*.....]
Gold:   71         SH:  5    Dex: 12    Spells: 6/7 levels left

rFire   . . .      SeeInvis .   c - +2 whip (vamp)
rCold   . . .      Faith    .   (no shield)
rNeg    . . .      Spirit   .   (helmet restricted)
rPois   .          Reflect  +   d - amulet of reflection
rElec   .          Harm     .   (no ring)
rCorr   .          Rampage  .   (no ring)
Will    .....                   (no ring)
Stlth   +++.......              (no ring)
HPRegen 0.07/turn               (no ring)
MPRegen 0.10/turn               (no ring)
                                (no ring)
                                (no ring)

@: no status effects
A: almost no armour, amphibious, 8 rings, camouflage 1, gelatinous body 1,
(nimble swimmer 1), tentacles
a: Renounce Religion


You were on level 2 of the Dungeon.
You worshipped Fedhas.
Fedhas was aware of your devotion.
You visited 1 branch of the dungeon, and saw 2 of its levels.

You collected 71 gold pieces.

Inventory:

Hand Weapons
 c - a +2 vampiric whip (weapon)
 f - a +0 rapier
 k - a +1 dagger of venom
Jewellery
 d - an amulet of reflection (around mantle)
Scrolls
 b - a scroll of fog {unknown}
 g - a scroll of magic mapping {unknown}
 i - a scroll of teleportation {unknown}
 j - a scroll of fear {unknown}
Potions
 a - a potion of magic
 e - a potion of heal wounds {unknown}
 h - a potion of lignification {unknown}


   Skills:
 + Level 2.1 Dodging
 + Level 2.7 Stealth
 + Level 0.2 Shields
 + Level 2.8 Spellcasting
 + Level 1.1 Transmutations
 + Level 3.5 Earth Magic


You had 6 spell levels left.
You knew the following spells:

 Your Spells              Type           Power      Damage    Failure   Level
a - Sandblast             Erth           32%        2d9       3%          1

Your spell library contained the following spells:

 Spells                   Type           Power      Damage    Failure   Level
 Passwall                 Tmut/Erth      9%         N/A       9%          2
 Stone Arrow              Conj/Erth      18%        3d8       22%         3
 Gell's Gravitas          Tloc           2%         N/A       43%         3
 Lesser Beckoning         Tloc           2%         N/A       43%         3
 Teleport Other           Tloc           2%         N/A       43%         3
 Petrify                  Tmut/Erth      11%        N/A       52%         4


Dungeon Overview and Level Annotations

Branches:
Dungeon (2/15)

Altars:
Fedhas
Trog

Annotations:
D:2 Sigmund


Innate Abilities, Weirdness & Mutations

You cannot wear most types of armour.
You are amphibious.
You can wear up to eight rings at the same time.
Your skin changes colour to match your surroundings (Stealth+).
Your rubbery body absorbs attacks. (AC +1, EV +1)
((You are camouflaged when in or above water. (Stealth+)))
You have tentacles for arms and can constrict up to eight enemies at once.


Message History

Aim: Sigmund, wielding a +0 scythe of holy wrath and wearing a +0 robe (lightly wounded, 77% to hit)
The blast of sand hits Sigmund.
Sigmund is moderately wounded.
Sigmund closely misses you. Sigmund hits you but does no damage.
Unknown command.
Casting: Sandblast (safe; 3% risk of failure)
Confirm with . or Enter, or press ? or * to list all spells.
Aiming: Sandblast (safe; 3% risk of failure)
Press: ? - help, Shift-Dir - straight line, f/p - Sigmund
Aim: Sigmund, wielding a +0 scythe of holy wrath and wearing a +0 robe (moderately wounded, 77% to hit)
The blast of sand hits Sigmund!
Sigmund is heavily wounded.
Sigmund closely misses you.
Casting: Sandblast (safe; 3% risk of failure)
Confirm with . or Enter, or press ? or * to list all spells.
Aiming: Sandblast (safe; 3% risk of failure)
Press: ? - help, Shift-Dir - straight line, f/p - Sigmund
Aim: Sigmund, wielding a +0 scythe of holy wrath and wearing a +0 robe (heavily wounded, 77% to hit)
The blast of sand hits Sigmund.
Sigmund is severely wounded.
Sigmund is suddenly surrounded by pale red light.
Sigmund hits you from afar with a +0 scythe of holy wrath.
Casting: Sandblast (safe; 3% risk of failure)
Confirm with . or Enter, or press ? or * to list all spells.
Aiming: Sandblast (safe; 3% risk of failure)
Press: ? - help, Shift-Dir - straight line, f/p - Sigmund
Aim: Sigmund, wielding a +0 scythe of holy wrath and wearing a +0 robe (severely wounded, 77% to hit)
The blast of sand misses Sigmund.
Sigmund hits you from afar with a +0 scythe of holy wrath!
* * * LOW HITPOINT WARNING * * *
Sigmund drinks a potion.
Sigmund flickers and vanishes!
Deactivating autopickup; reactivate with Ctrl-A.
Something barely misses you.
You miss something. You barely miss something. Something hits you.
* * * LOW HITPOINT WARNING * * *
You hit something but do no damage. Something hits you!
Ouch! That really hurt!
You die...
Fedhas appreciates your contribution to the ecosystem.

#### #..#######
#......†)####
##.#####...†###########
#..# ####...........#
##.## ##.......>..#
#..## #....@.....#
##..# #....{.)...# #..#
#............# #.##
#.#..........# ####.#
#.#......._..# .....# .
######.....# ######
.....# # ### ..##.#
##.....


There were no monsters in sight!

Vanquished Creatures
  An adder (D:2)
  A worm (D:2)
  A dart slug (D:2)
  A bat (D:1)
  2 endoplasms (D:1)
  A giant cockroach (D:1)
  5 goblins
  A hobgoblin (D:2)
  4 kobolds (D:1)
  2 quokkas (D:1)
  A ball python (D:1)
  2 frilled lizards (D:2)
  A rat (D:1)
23 creatures vanquished.

Notes
Turn   | Place    | Note
-------+----------+-------------------------------------------
     0 | D:1      | Sabo the Octopode Earth Elementalist began the quest for
                  | the Orb.
     0 | D:1      | Reached XP level 1. HP: 11/11 MP: 3/3
   217 | D:1      | Reached XP level 2. HP: 17/17 MP: 3/5
   622 | D:1      | Found a faded altar of an unknown god.
   628 | D:1      | Prayed at the altar of an unknown god.
   628 | D:1      | Became a worshipper of Fedhas Madash
   628 | D:1      | Reached * piety under Fedhas
   941 | D:2      | Noticed Sigmund
   947 | D:2      | Reached XP level 3. HP: 21/21 MP: 2/7
  1034 | D:2      | Found a bloodstained altar of Trog.
  1050 | D:2      | Mangled by Sigmund

Illustrated notes

Levels and vault maps discovered:
D:1:      dreamdust_arrival_beginning_and_end, layout_basic,
          dreamdust_ecumenical_altar_angels_and_demons, minmay_tiny_reverse_x
D:2:      layout_rooms, basic_altar, st_stairs_14, uniq_sigmund, uniq_robin

Action                   || total
-------------------------++-------
Melee: Unarmed           ||     2
       Constrict         ||     2
       Tentacles         ||     2
       Rapier            ||     5
       Whip              ||    10
 Cast: Sandblast         ||    27
Armor: Skin              ||     3
Dodge: Dodged            ||    10
Block: Other             ||     3

Table legend: (Time is in decaauts)
 A = Elapsed time spent in this place.
 B = Non-inter-level travel time spent in this place.
 C = Inter-level travel time spent in this place.
 D = Time resting spent in this place.
 E = Time spent auto-exploring this place.
 F = Levels seen in this place.
 G = Mean time per level.
                   A        B        C        D        E       F      G
               +--------+--------+--------+--------+--------+-----+--------+
         Total |   1077 |   1077 |      0 |    360 |      0 |   2 |  538.5 |
       Dungeon |   1077 |   1077 |      0 |    360 |      0 |   2 |  538.5 |
               +--------+--------+--------+--------+--------+-----+--------+

Top non-repeatable levels by time:
     D:1: 891 daAuts
     D:2: 185 daAuts
